 Dungeon Crawl Stone Soup version 0.19.3-4-gbf9329e (webtiles) character file.

184 galech the Skirmisher (level 5, -3/57 HPs)
             Began as an Ogre Fighter on Jan 30, 2017.
             Slain by Sigmund
             ... wielding a +0 scythe
              (7 damage)
             ... on level 3 of the Dungeon.
             The game lasted 00:05:33 (3235 turns).

galech the Skirmisher (Ogre Fighter)                Turns: 3235, Time: 00:05:34

Health: -3/57      AC:  5    Str: 20    XL:     5   Next: 63%
Magic:  5/5        EV:  9    Int:  7    God:
Gold:   99         SH:  9    Dex: 11    Spells: 0 memorised, 4 levels left

rFire  + + .     SeeInvis .     o - +3 club
rCold  + . .     Gourm    .     b - +0 robe
rNeg   . . .     Faith    .     c - +0 shield
rPois  .         Spirit   .     (helmet restricted)
rElec  .         Reflect  .     q - +0 cloak
rCorr  .         Harm     .     (gloves unavailable)
MR     .....     Rnd*Tele +     (boots unavailable)
Stlth  +.........               (no amulet)
                                (no ring)
                                j - ring of protection from cold

@: no status effects
A: unfitting armour, molten scales 1, agile 1, deformed body, fire resistance 2,
screaming 1, teleportitis 1, tough skin 1, weak 1, MP-powered wands
a: no special abilities


You were on level 3 of the Dungeon.
You were not hungry.

You visited 1 branch of the dungeon, and saw 3 of its levels.

You collected 99 gold pieces.

Inventory:

Hand Weapons
 a - a +0 flail
 o - a +3 club (weapon)
Armour
 b - a +0 robe (worn)
 c - a +0 shield (worn)
 q - a +0 cloak (worn)
Jewellery
 j - a ring of protection from cold (left hand)
Wands
 n - a wand of flame (13/48)
Scrolls
 d - a scroll of fog {unknown}
 h - a scroll of remove curse {unknown}
 i - 2 scrolls of identify {unknown}
 m - a scroll of enchant armour {unknown}
Potions
 e - a potion of magic {unknown}
 l - a potion of lignification {unknown}
Books
 k - a book of Maledictions

   Spells                             Type                      Level
   a - Corona                         Hexes                        1
   b - Ensorcelled Hibernation        Hexes/Ice                    2
   c - Confuse                        Hexes                        3
   d - Tukima's Dance                 Hexes                        3
   e - Dazzling Spray                 Conjuration/Hexes            3
Comestibles
 f - 2 bread rations
 g - 3 chunks of flesh


   Skills:
 + Level 5.0 Fighting
 + Level 4.9 Maces & Flails
 + Level 3.5 Dodging
 + Level 0.2 Stealth
 + Level 3.4 Shields


You had 4 spell levels left.
You didn't know any spells.

Dungeon Overview and Level Annotations

Branches:
Dungeon (3/15)

Altars:

Annotations:
D:3 Sigmund; galech's ghost, weakling OgFi


Innate Abilities, Weirdness & Mutations

You are too large for most types of armour.
You have tough skin. (AC +1)
You are partially covered in molten scales. (AC +2)
You are agile. (Dex +2)
Armour fits poorly on your strangely shaped body.
Your flesh is very heat resistant. (rF++)
You occasionally shout uncontrollably at your foes.
You are occasionally teleported next to monsters.
You are weak. (Str -2)
You expend magic power (3 MP) to strengthen your wands.


Message History

The magic dart hits you!
* * * LOW HITPOINT WARNING * * *
You closely miss Sigmund.
Sigmund is heavily wounded.
Sigmund points at you and mumbles some strange words.
You resist with some effort. Sigmund closely misses you.
You hit Sigmund.
Sigmund is heavily wounded.
You closely miss Sigmund.
Sigmund is heavily wounded.
You block Sigmund's attack.
You hit Sigmund.
Sigmund is severely wounded.
Sigmund barely misses you.
You barely miss Sigmund.
Sigmund is severely wounded.
You hit Sigmund but do no damage.
Sigmund is severely wounded.
Sigmund hits you with a scythe!
You die...

#..........####
#########......
#..{.)W<........
#.#####
#>.....((..####.##
##.#####
##.#.......####..#
#.......
#.#..........##.#
#..#####
#.##########.##K#
#).# #.# #.##r# #..#
..# #.##@# #..#
############.##@#
#..#####
.....<.........#
#.......
######.###.####
#.###### ##.###.# #.#
#......# #.#
#..################.#
#...............(...#
#.###################
#.#


You could see Sigmund, a quokka and a kobold.

Vanquished Creatures
  Crazy Yiuf (D:2)
  Ijyb (D:2)
  Terence (D:2)
  4 adders
  An ooze (D:1)
  2 worms
  3 dart slugs
  A leopard gecko (D:2)
  2 orcs
  4 giant cockroaches
  8 goblins
  3 hobgoblins (D:1)
  5 jackals (D:1)
  2 quokkas (D:2)
  5 bats
  2 frilled lizards (D:1)
  5 kobolds
  4 rats
54 creatures vanquished.

Notes
Turn   | Place    | Note
-------+----------+-------------------------------------------
     0 | D:1      | galech the Ogre Fighter began the quest for the Orb.
     0 | D:1      | Reached XP level 1. HP: 24/24 MP: 1/1
   222 | D:1      | Reached XP level 2. HP: 23/32 MP: 2/2
   643 | D:1      | Reached XP level 3. HP: 38/39 MP: 3/3
  1254 | D:2      | Reached XP level 4. HP: 26/49 MP: 4/4
  1589 | D:2      | Found a faded altar of an unknown god.
  1697 | D:2      | Found a runed door.
  1743 | D:2      | Noticed Ijyb
  1758 | D:2      | Killed Ijyb
  2115 | D:2      | Noticed Crazy Yiuf
  2121 | D:2      | Killed Crazy Yiuf
  2121 | D:2      | Reached XP level 5. HP: 46/55 MP: 5/5
  2214 | D:3      | Noticed Terence
  2233 | D:2      | Gained mutation: Your flesh is heat resistant. (rF+) [potion of mutation]
  2233 | D:2      | Gained mutation: You are occasionally teleported next to monsters. [potion of mutation]
  2233 | D:2      | Gained mutation: Your flesh is very heat resistant. (rF++) [potion of mutation]
  2235 | D:2      | Killed Terence
  2242 | D:2      | Gained mutation: Armour fits poorly on your strangely shaped body. [potion of mutation]
  2242 | D:2      | Gained mutation: You expend magic power (3 MP) to strengthen your wands. [potion of mutation]
  2242 | D:2      | Gained mutation: You are partially covered in molten scales. (AC +2) [potion of mutation]
  2243 | D:2      | Gained mutation: You are weak. (Str -2) [potion of mutation]
  2243 | D:2      | Gained mutation: You are agile. (Dex +2) [potion of mutation]
  2243 | D:2      | Gained mutation: You occasionally shout uncontrollably at your foes. [potion of mutation]
  2275 | D:2      | HP: 2/55 [poisoned by a kobold]
  2595 | D:3      | Noticed galech's ghost (weakling OgFi)
  2602 | D:3      | Noticed Sigmund
  2835 | D:3      | Reached skill level 5 in Fighting
  3235 | D:3      | Slain by Sigmund

Skill      XL: |  1  2  3  4  5 |
---------------+----------------+-----
Maces & Flails | 3 4 |  4.9
Shields        | 3 |  3.4
Dodging        | 3 |  3.5
Fighting       | 5 |  5.0
Stealth        | |  0.2

Action                   |  1- 3 |  4- 6 || total
-------------------------+-------+-------++-------
Melee: Flail             |   136 |    19 ||   155
       Club              |       |   111 ||   111
  Use: Potion            |       |     6 ||     6
 Stab: Sleeping          |     1 |       ||     1
  Eat: Chunk             |     1 |     7 ||     8
Armor: Robe              |    37 |    18 ||    55
Dodge: Dodged            |    53 |    47 ||   100
Block: Shield            |    73 |    56 ||   129
